TOP OF THE 1ST |
Los Cabos Cartel batting - Pitching for Vista Panthers : RHP Javier García
|
Pitching: RHP Javier García
|
|
Batting: LHB Willie Wallace
|
0-0: Ground out 6-3 (Groundball, 6)
|
Batting: SHB Julián Madrid
|
0-0: Foul Ball, location: 2F 0-1: Fly out, F9 (Flyball, 9M)
|
Batting: LHB Luis González
|
0-0: Foul Ball, location: 2F 0-1: Ball 1-1: Fly out, F8 (Flyball, 8LXD)
|
Top of the 1st over - 0 run(s), 0 hit(s), 0 error(s), 0 left on base; Los Cabos 0 - Vista 0 |
BOTTOM OF THE 1ST |
Vista Panthers batting - Pitching for Los Cabos Cartel : RHP Marty Burgess
|
Pitching: RHP Marty Burgess
|
|
Batting: LHB Francisco Marino
|
0-0: Ball 1-0: Foul Ball, location: 2F 1-1: Ground out 4-3 (Groundball, 4)
|
Batting: LHB Patrick Osborne
|
0-0: Ball 1-0: Ground out 6-3 (Groundball, 6M)
|
Batting: LHB Jesús González
|
0-0: Swinging Strike 0-1: Ball 1-1: SINGLE (Line Drive, 34D)
|
Batting: SHB Mark Wells
|
0-0: Swinging Strike 0-1: Called Strike 0-2: Fly out, F5 (Popup, 5F)
|
Bottom of the 1st over - 0 run(s), 1 hit(s), 0 error(s), 1 left on base; Los Cabos 0 - Vista 0 |
TOP OF THE 2ND |
Los Cabos Cartel batting - Pitching for Vista Panthers : RHP Javier García
|
Batting: RHB Wilbert Rodgers
|
0-0: Ball 1-0: Ball 2-0: Ball 3-0: Base on Balls
|
Batting: RHB Stephen Wilson
|
0-0: Called Strike 0-1: Ball 1-1: Called Strike 1-2: Ball 2-2: Ball 3-2: Foul Ball, location: 2F 3-2: Base on Balls Wilbert Rodgers to second
|
Batting: RHB Víctor Solano
|
0-0: Called Strike 0-1: Ball 1-1: Called Strike 1-2: Ball 2-2: Ball 3-2: Strikes out swinging
|
Batting: RHB John Pick
|
0-0: Ball 1-0: Ball 2-0: Called Strike 2-1: Fielders Choice at 2nd, 6-4 (Groundball, 6) Wilbert Rodgers to third
|
Batting: RHB António Magana
|
0-0: Ball 1-0: Foul Ball, location: 2F 1-1: Ball 2-1: Fly out, F8 (Line Drive, 89M)
|
Top of the 2nd over - 0 run(s), 0 hit(s), 0 error(s), 2 left on base; Los Cabos 0 - Vista 0 |
BOTTOM OF THE 2ND |
Vista Panthers batting - Pitching for Los Cabos Cartel : RHP Marty Burgess
|
Batting: RHB Roberto Cruz
|
0-0: Called Strike 0-1: Swinging Strike 0-2: Strikes out swinging
|
Batting: LHB Bob Cunningham
|
0-0: Ball 1-0: Foul Ball, location: 2F 1-1: Called Strike 1-2: Ball 2-2: Strikes out swinging
|
Batting: LHB Brent Alonzo
|
0-0: Ground out 4-3 (Groundball, 4)
|
Bottom of the 2nd over - 0 run(s), 0 hit(s), 0 error(s), 0 left on base; Los Cabos 0 - Vista 0 |
TOP OF THE 3RD |
Los Cabos Cartel batting - Pitching for Vista Panthers : RHP Javier García
|
Batting: RHB Ángel Garza
|
0-0: SINGLE (Flyball, 8RS)
|
Batting: LHB Willie Wallace
|
0-0: Ball 1-0: Foul Ball, location: 2F 1-1: Ball Throwing error on steal attempt, E2 Ángel Garza to third 2-1: SINGLE (Groundball, 4MD) Ángel Garza scores
|
Batting: SHB Julián Madrid
|
0-0: Ball 1-0: Ball 2-0: Called Strike 2-1: Swinging Strike 2-2: Ball 3-2: Strikes out swinging
|
Batting: LHB Luis González
|
0-0: Called Strike 0-1: Foul Ball, location: 2F 0-2: Ball 1-2: Fly out, F7 (Flyball, 7D)
|
Batting: RHB Wilbert Rodgers
|
0-0: Ball 1-0: Called Strike Willie Wallace steals 2nd base 1-1: Foul Ball, location: 2F 1-2: Strikes out looking
|
Top of the 3rd over - 1 run(s), 2 hit(s), 1 error(s), 1 left on base; Los Cabos 1 - Vista 0 |
BOTTOM OF THE 3RD |
Vista Panthers batting - Pitching for Los Cabos Cartel : RHP Marty Burgess
|
Batting: RHB Salvador Salas
|
0-0: Ground out U3 (Groundball, 3S)
|
Batting: RHB Bonifacio Torres
|
0-0: Ground out 6-3 (Groundball, 6M)
|
Batting: LHB Francisco Marino
|
0-0: Ball 1-0: Swinging Strike 1-1: Ball 2-1: Swinging Strike 2-2: Ground out 1-3 (Groundball, 13)
|
Bottom of the 3rd over - 0 run(s), 0 hit(s), 0 error(s), 0 left on base; Los Cabos 1 - Vista 0 |
TOP OF THE 4TH |
Los Cabos Cartel batting - Pitching for Vista Panthers : RHP Javier García
|
Batting: RHB Stephen Wilson
|
0-0: Ball 1-0: Called Strike 1-1: Foul Ball, location: 2F 1-2: Ball 2-2: Foul Ball, location: 2F 2-2: Foul Ball, location: 2F 2-2: Foul Ball, location: 2F 2-2: Ball 3-2: Foul Ball, location: 2F 3-2: Foul Ball, location: 2F 3-2: Foul Ball, location: 2F 3-2: Foul Ball, location: 2F 3-2: Foul Ball, location: 2F 3-2: Ground out 5-3 (Groundball, 5S)
|
Batting: RHB Víctor Solano
|
0-0: Ball 1-0: Fly out, F7 (Flyball, 78M)
|
Batting: RHB John Pick
|
0-0: Called Strike 0-1: Ball 1-1: Called Strike 1-2: Strikes out looking
|
Top of the 4th over - 0 run(s), 0 hit(s), 0 error(s), 0 left on base; Los Cabos 1 - Vista 0 |
BOTTOM OF THE 4TH |
Vista Panthers batting - Pitching for Los Cabos Cartel : RHP Marty Burgess
|
Batting: LHB Patrick Osborne
|
0-0: Called Strike 0-1: Ball 1-1: Ball 2-1: Ball 3-1: Foul Ball, location: 2F 3-2: Foul Ball, location: 2F 3-2: Foul Ball, location: 2F 3-2: Fly out, F9 (Flyball, 89S)
|
Batting: LHB Jesús González
|
0-0: Swinging Strike 0-1: Ball 1-1: SINGLE (Groundball, 3D)
|
Batting: SHB Mark Wells
|
0-0: Swinging Strike 0-1: Foul Ball, location: 2F 0-2: Ball 1-2: SINGLE (Line Drive, 7S) Jesús González to second
|
Batting: RHB Roberto Cruz
|
0-0: Fly out, F4 (Popup, 4)
|
Batting: LHB Bob Cunningham
|
0-0: Swinging Strike 0-1: Called Strike 0-2: Ball 1-2: Ball 2-2: Foul Ball, location: 2F 2-2: Foul Ball, location: 2F 2-2: SINGLE (Groundball, 56D) Jesús González to third Mark Wells to second Runner from 3rd tries for Home, SAFE, no throw or cutoff
|
Batting: LHB Brent Alonzo
|
0-0: Called Strike 0-1: 3-RUN HOME RUN (Flyball, 8LXD), Distance : 422 ft
|
Batting: RHB Salvador Salas
|
0-0: Ground out 6-3 (Groundball, 6)
|
Bottom of the 4th over - 4 run(s), 4 hit(s), 0 error(s), 0 left on base; Los Cabos 1 - Vista 4 |
TOP OF THE 5TH |
Los Cabos Cartel batting - Pitching for Vista Panthers : RHP Javier García
|
Batting: RHB António Magana
|
0-0: Fly out, F7 (Line Drive, 7LD)
|
Batting: RHB Ángel Garza
|
0-0: Bunt for hit - play at first, batter OUT! 2-3
|
Batting: LHB Willie Wallace
|
0-0: Ball 1-0: Fly out, F9 (Flyball, 9D)
|
Top of the 5th over - 0 run(s), 0 hit(s), 0 error(s), 0 left on base; Los Cabos 1 - Vista 4 |
BOTTOM OF THE 5TH |
Vista Panthers batting - Pitching for Los Cabos Cartel : RHP Marty Burgess
|
Batting: RHB Bonifacio Torres
|
0-0: Called Strike 0-1: Ground out 3-1 (Groundball, 4)
|
Batting: LHB Francisco Marino
|
0-0: Ball 1-0: Foul Ball, location: 2F 1-1: Swinging Strike 1-2: Hit by Pitch
|
Batting: LHB Patrick Osborne
|
0-0: Ball 1-0: Called Strike 1-1: Ball 2-1: DOUBLE (Line Drive, 7LS) Francisco Marino to third Runner from 3rd tries for Home, SAFE, no throw or cutoff
|
Batting: LHB Jesús González
|
0-0: Fly out, F6 (Popup, 56D)
|
Batting: SHB Mark Wells
|
0-0: Foul Ball, location: 2F 0-1: Ball 1-1: Foul Ball, location: 2F 1-2: Ball 2-2: Ball 3-2: Foul Ball, location: 2F 3-2: SINGLE (Groundball, 4) Patrick Osborne to third Patrick Osborne scores
|
Batting: RHB Roberto Cruz
|
0-0: Called Strike 0-1: DOUBLE (Line Drive, 89XD) Mark Wells to third
|
Batting: LHB Bob Cunningham
|
0-0: Fly out, F9 (Flyball, 89S)
|
Bottom of the 5th over - 2 run(s), 3 hit(s), 0 error(s), 2 left on base; Los Cabos 1 - Vista 6 |
TOP OF THE 6TH |
Los Cabos Cartel batting - Pitching for Vista Panthers : RHP Javier García
|
Batting: SHB Julián Madrid
|
0-0: Ball 1-0: Ball 2-0: Foul Ball, location: 2F 2-1: Ball 3-1: Foul Ball, location: 2F 3-2: Base on Balls
|
Batting: LHB Luis González
|
0-0: Ball 1-0: Ball 2-0: Foul Ball, location: 2F 2-1: Called Strike 2-2: Foul Ball, location: 2F 2-2: 2-RUN HOME RUN (Flyball, 9D), Distance : 398 ft
|
Batting: RHB Wilbert Rodgers
|
0-0: Called Strike 0-1: Ground out 1-3 (Groundball, 13)
|
Batting: RHB Stephen Wilson
|
0-0: Fly out, F9 (Flyball, 89M)
|
Batting: RHB Víctor Solano
|
0-0: Called Strike 0-1: Ball 1-1: Fly out, F7 (Flyball, 78XD)
|
Top of the 6th over - 2 run(s), 1 hit(s), 0 error(s), 0 left on base; Los Cabos 3 - Vista 6 |
BOTTOM OF THE 6TH |
Vista Panthers batting - Pitching for Los Cabos Cartel : RHP Marty Burgess
|
Batting: LHB Brent Alonzo
|
0-0: Ball 1-0: Foul Ball, location: 2F 1-1: Fly out, F7 (Line Drive, 78D)
|
Batting: RHB Salvador Salas
|
0-0: Swinging Strike 0-1: Foul Ball, location: 2F 0-2: Ground out 5-3 (Groundball, 5)
|
Batting: RHB Bonifacio Torres
|
0-0: Called Strike 0-1: Swinging Strike 0-2: Ball 1-2: SINGLE (Groundball, 4D)
|
Batting: LHB Francisco Marino
|
0-0: Ball 1-0: Ground out 4-3 (Groundball, 4)
|
Bottom of the 6th over - 0 run(s), 1 hit(s), 0 error(s), 1 left on base; Los Cabos 3 - Vista 6 |
TOP OF THE 7TH |
Los Cabos Cartel batting - Pitching for Vista Panthers : RHP Javier García
|
Batting: RHB John Pick
|
0-0: Ball 1-0: Ground out 5-3 (Groundball, 5)
|
Batting: RHB António Magana
|
0-0: Swinging Strike 0-1: Foul Ball, location: 2F 0-2: Ball 1-2: Foul Ball, location: 2F 1-2: Strikes out looking
|
Batting: RHB Ángel Garza
|
0-0: Called Strike 0-1: Foul Ball, location: 2F 0-2: Ball 1-2: SINGLE (Flyball, 89S)
|
Batting: LHB Willie Wallace
|
0-0: Called Strike 0-1: Ball 1-1: Swinging Strike 1-2: Foul Ball, location: 2F 1-2: Ground out 5-3 (Groundball, 5S)
|
Top of the 7th over - 0 run(s), 1 hit(s), 0 error(s), 1 left on base; Los Cabos 3 - Vista 6 |
BOTTOM OF THE 7TH |
Vista Panthers batting - Pitching for Los Cabos Cartel : RHP Marty Burgess
|
Batting: LHB Patrick Osborne
|
0-0: Called Strike 0-1: Ball 1-1: Swinging Strike 1-2: Strikes out swinging
|
Batting: LHB Jesús González
|
0-0: Called Strike 0-1: Fly out, F9 (Flyball, 9D)
|
Batting: SHB Mark Wells
|
0-0: Ball 1-0: Called Strike 1-1: Ball 2-1: Ground out 6-3 (Groundball, 6M)
|
Bottom of the 7th over - 0 run(s), 0 hit(s), 0 error(s), 0 left on base; Los Cabos 3 - Vista 6 |
TOP OF THE 8TH |
Los Cabos Cartel batting - Pitching for Vista Panthers : RHP Javier García
|
Batting: SHB Julián Madrid
|
0-0: Called Strike 0-1: Ground out U3 (Groundball, 3L)
|
Batting: LHB Luis González
|
0-0: Ball 1-0: Foul Ball, location: 2F 1-1: Foul Ball, location: 2F 1-2: Ball 2-2: Ball 3-2: Foul Ball, location: 2F 3-2: Ground out 4-3 (Groundball, 4)
|
Batting: RHB Wilbert Rodgers
|
0-0: Called Strike 0-1: Ball 1-1: Ball 2-1: Ground out 5-3 (Groundball, 5)
|
Top of the 8th over - 0 run(s), 0 hit(s), 0 error(s), 0 left on base; Los Cabos 3 - Vista 6 |
BOTTOM OF THE 8TH |
Vista Panthers batting - Pitching for Los Cabos Cartel : RHP Marty Burgess
|
Pitching: LHP António Martínez
|
|
Batting: RHB Roberto Cruz
|
0-0: Called Strike 0-1: Swinging Strike 0-2: Ball 1-2: Strikes out swinging
|
Batting: LHB Bob Cunningham
|
0-0: Called Strike 0-1: Ball 1-1: Ball 2-1: Fly out, F7 (Flyball, 78D)
|
Batting: LHB Brent Alonzo
|
0-0: Ball 1-0: Fly out, F5 (Popup, 25)
|
Bottom of the 8th over - 0 run(s), 0 hit(s), 0 error(s), 0 left on base; Los Cabos 3 - Vista 6 |
TOP OF THE 9TH |
Los Cabos Cartel batting - Pitching for Vista Panthers : RHP Javier García
|
Pitching: RHP António López
|
|
Batting: RHB Stephen Wilson
|
0-0: Ball 1-0: Foul Ball, location: 2F 1-1: Foul Ball, location: 2F 1-2: Ground out 5-3 (Groundball, 5L)
|
Batting: RHB Víctor Solano
|
0-0: Called Strike 0-1: Ball 1-1: Foul Ball, location: 2F 1-2: Ball 2-2: Ball 3-2: Reached on error, E6 (Groundball, 6M)
|
Batting: RHB John Pick
|
0-0: Called Strike 0-1: Foul Ball, location: 2F 0-2: Foul Ball, location: 2F 0-2: Strikes out swinging
|
Batting: RHB António Magana
|
0-0: DOUBLE (Line Drive, 8RXD) Víctor Solano scores
|
Batting: RHB Ángel Garza
|
0-0: Foul Ball, location: 2F 0-1: Ball 1-1: Ball 2-1: Ball 3-1: Base on Balls
|
Batting: LHB Willie Wallace
|
0-0: Ball 1-0: Ground out 4-3 (Groundball, 4)
|
Top of the 9th over - 1 run(s), 1 hit(s), 1 error(s), 2 left on base; Los Cabos 4 - Vista 6 |
|